 Dungeon Sprint DCSS version 0.17-a0-1614-g2062e81 (webtiles) character file.

10473 Oddball22 the Bludgeoner (level 11, -16/83 HPs)
             Began as a Gargoyle Berserker on Aug 1, 2015.
             Was the Champion of Trog.
             Demolished by an orc warrior
             ... wielding a +0 mace
              (24 damage)
             ... in the Dungeon (Sprint IX: "|||||||||||||||||||||||||||||").
             The game lasted 00:08:59 (1801 turns).

Oddball22 the Bludgeoner (Gargoyle Berserker)       Turns: 1801, Time: 00:08:59

Health: -16/83     AC: 19    Str: 24    XL:     11   Next: 62%
Magic:  11/11      EV: 15    Int: 11    God:    Trog [******]
Gold:   650        SH:  0    Dex: 12    Spells: 0 memorised, 10 levels left

rFire  . . .     SeeInvis .     a - +5 great mace (protect)
rCold  . . .     Clarity  .     z - +0 animal skin
rNeg   + . .     SustAt   .     (no shield)
rPois  ∞         Gourm    .     j - +0 helmet
rElec  +         Spirit   .     (no cloak)
rCorr  .         Warding  .     (no gloves)
rMut   .         NoTele   +     p - +0 pair of boots
MR     ++...                    (no amulet)
Stlth  +.........               n - +3 ring of intelligence
                                o - +3 ring of dexterity

@: exhausted, very slightly contaminated, regenerating, hasted and slowed, very
resistant to hostile enchantments, very unstealthy
A: negative energy resistance 1, electricity resistance, unbreathing,
petrification resistance, rot immunity, AC +7
a: Burn Spellbooks, Berserk, Trog's Hand, Brothers in Arms, Renounce Religion


You were in the Dungeon.
You worshipped Trog.
Trog was exalted by your worship.
You were not hungry.

You visited 1 branch You collected 650 gold pieces.

Inventory:

Hand weapons
 a - a +5 great mace of protection (weapon)
 b - a +3 arbalest of evasion
 B - a +6 antimagic dire flail
Armour
 j - a +0 helmet (worn)
 p - a +0 pair of boots (worn)
 r - a +1 chain mail
 z - a +0 animal skin (worn)
Jewellery
 n - a +3 ring of intelligence (right hand)
 o - a +3 ring of dexterity (left hand)
Magical devices
 m - a wand of draining (5)
Scrolls
 i - 3 scrolls of blinking
 l - 4 scrolls of remove curse
 s - a scroll of enchant weapon
 w - a scroll of recharging
 x - a scroll of identify
 y - 3 scrolls of fog
Potions
 d - 5 potions of curing
 e - 5 potions of heal wounds
 f - a potion of haste
 g - 4 potions of magic
 h - 2 potions of berserk rage
 k - a potion of invisibility
 q - a potion of agility
 t - a potion of cure mutation
 u - 2 potions of might
Comestibles
 c - 14 bread rations
 v - 12 meat rations
 C - 40 fruits


   Skills:
 * Level 16.0 Fighting
 + Level 16.9 Maces & Flails
 + Level 7.2 Crossbows
 + Level 14.3 Armour
 + Level 6.1 Dodging


You had 10 spell levels left.
You didn't know any spells.

Dungeon Overview and Level Annotations

Branches:
Dungeon (1/1)

Altars:
Cheibriados
Dithmenos
Elyvilon
Fedhas
Gozag
Kikubaaqudgha
Makhleb
Nemelex Xobeh
Okawaru
Qazlal
Ru
Sif Muna
Trog
Vehumet
Xom
Yredelemnul
Zin
The Shining One
Beogh
Jiyva
Lugonu


Innate Abilities, Weirdness & Mutations

You are resistant to torment.
Your stone body is resilient (AC +7).
You are immune to poison.
You resist negative energy.
You are resistant to electric shocks.
You can survive without breathing.
You are immune to petrification.
You are immune to rotting.


Message History

Your Fighting skill increases to level 16!
The orc knight roars a battlecry!
The orc warrior goes into a battle-frenzy!
You bludgeon the orc warrior!!
You kill the orc warrior!
Trog accepts your kill.
The orc warrior hits you but does no damage.
The orc knight hits you from afar with a bardiche!
Items here: $ )) [[ a hand axe; a plate armour; a dire flail; a plate armour; 100 gold pieces You sock the orc warrior!
The orc warrior is severely wounded.
The orc warrior completely misses you.
An orc knight comes into view. It is wielding a bardiche.
You hit the orc warrior.
The orc warrior is almost dead.
The orc knight hits you from afar with a bardiche!!
* * * LOW HITPOINT WARNING * * *
The orc warrior hits you with a mace!!
You die...

▓.▓.▓.▓'▓
▓.▓.▓.▓.▓_▓
▓o▓.▓.▓.▓_▓
▓.▓.▓.▓.▓_▓
▓o▓.▓.▓.▓_▓
▓o▓.▓.▓.▓_▓
▓o▓.▓.▓.▓_▓
▓o▓.▓.▓.▓_▓
▓@▓.▓%▓.▓_▓
▓)▓.▓.▓.▓_▓
▓)▓.▓)▓.▓_▓
▓)▓.▓.▓.▓_▓
▓)▓.▓.▓.▓_▓
▓.▓.▓.▓.▓_▓
▓.▓.▓)▓.▓_▓
▓.▓.▓.▓.▓_▓
▓.▓.▓.▓)▓_▓


You could see 2 orc knights and 3 orc warriors.

Vanquished Creatures
  Josephine (D)
  Erica (D)
  A centaur warrior (D)
  A death yak (D)
  An orc high priest (D)
  A hill giant (D)
  An orc knight (D)
  An orc sorcerer (D)
  3 black mambas (D)
  A spiny frog (D)
  A fire drake (D)
  2 polar bears (D)
  2 trolls (D)
  A wyvern (D)
  5 wraiths (D)
  A yak (D)
  3 hippogriffs (D)
  2 water moccasins (D)
  2 ice beasts (D)
  5 orc warriors (D)
  A centaur (D)
  6 black bears (D)
  A phantom (D)
  3 giant frogs (D)
  A crimson imp (D)
  4 orc wizards (D)
  2 orc priests (D)
  A quasit (D)
  An iguana (D)
  2 river rats (D)
  2 adders (D)
  A giant gecko (D)
  6 orcs (D)
  A goblin (D)
  A hobgoblin (D)
  A jackal (D)
  A bat (D)
  A quokka skeleton (D)
  2 rats (D)
74 creatures vanquished.

Notes
Turn   | Place    | Note
--------------------------------------------------------------
     0 | D        | Oddball22 the Gargoyle Berserker began the quest for the Orb.
     0 | D        | Reached XP level 1. HP: 14/14 MP: 1/1
    12 | D        | Acquired Trog's second power
   139 | D        | Noticed a phantom
   145 | D        | Reached skill level 4 in Maces & Flails
   153 | D        | Killed a phantom
   153 | D        | Reached skill level 5 in Fighting
   153 | D        | Reached skill level 6 in Maces & Flails
   153 | D        | Reached skill level 5 in Armour
   153 | D        | Reached XP level 2. HP: 15/21 MP: 2/2
   153 | D        | Reached XP level 3. HP: 18/26 MP: 3/3
   153 | D        | Reached XP level 4. HP: 21/31 MP: 4/4
   155 | D        | Reached skill level 7 in Maces & Flails
   171 | D        | Found a glowing silver altar of Zin.
   171 | D        | Found a glowing golden altar of the Shining One.
   171 | D        | Found an ancient bone altar of Kikubaaqudgha.
   171 | D        | Found a basalt altar of Yredelemnul.
   171 | D        | Found a shimmering altar of Xom.
   171 | D        | Found a radiant altar of Vehumet.
   172 | D        | Found an iron altar of Okawaru.
   173 | D        | Found a burning altar of Makhleb.
   174 | D        | Found a deep blue altar of Sif Muna.
   175 | D        | Found a bloodstained altar of Trog.
   176 | D        | Found a sparkling altar of Nemelex Xobeh.
   177 | D        | Found a white marble altar of Elyvilon.
   178 | D        | Found a roughly hewn altar of Beogh.
   179 | D        | Found a viscous altar of Jiyva.
   180 | D        | Found a corrupted altar of Lugonu.
   181 | D        | Found a blossoming altar of Fedhas.
   182 | D        | Found a snail-covered altar of Cheibriados.
   183 | D        | Found a shadowy altar of Dithmenos.
   184 | D        | Found a stormy altar of Qazlal.
   185 | D        | Found an opulent altar of Gozag.
   186 | D        | Found a sacrificial altar of Ru.
   328 | D        | Noticed a wraith
   328 | D        | Noticed a hill giant
   328 | D        | Noticed a crimson imp
   328 | D        | Noticed a centaur
   328 | D        | Noticed an ice beast
   328 | D        | Noticed a quasit
   335 | D        | Killed a quasit
   335 | D        | Acquired Trog's third power
   335 | D        | Reached XP level 5. HP: 36/36 MP: 5/5
   337 | D        | Killed an ice beast
   337 | D        | Reached skill level 9 in Maces & Flails
   337 | D        | Reached XP level 6. HP: 44/44 MP: 6/6
   340 | D        | Killed a centaur
   348 | D        | Killed a hill giant
   348 | D        | Reached skill level 12 in Maces & Flails
   348 | D        | Reached XP level 7. HP: 13/52 MP: 7/7
   354 | D        | Killed a wraith
   354 | D        | Reached skill level 10 in Fighting
   354 | D        | Reached XP level 8. HP: 7/57 MP: 8/8
   360 | D        | Killed a crimson imp
   649 | D        | Noticed a troll
   649 | D        | Noticed a troll
   649 | D        | Noticed a centaur warrior
   649 | D        | Noticed an ice beast
   649 | D        | Noticed a hippogriff
   655 | D        | Killed a hippogriff
   655 | D        | Reached skill level 10 in Armour
   657 | D        | Killed an ice beast
   660 | D        | Killed a centaur warrior
   660 | D        | Reached skill level 13 in Maces & Flails
   660 | D        | Reached XP level 9. HP: 64/64 MP: 9/9
   663 | D        | Killed a troll
   663 | D        | Reached skill level 14 in Maces & Flails
   669 | D        | Killed a troll
   669 | D        | Received a gift from Trog
   865 | D        | Noticed Erica
   883 | D        | Killed Erica
   883 | D        | Reached skill level 15 in Maces & Flails
  1084 | D        | Noticed a yak
  1084 | D        | Noticed a water moccasin
  1084 | D        | Noticed an iguana
  1084 | D        | Noticed a hippogriff
  1084 | D        | Noticed a black mamba
  1086 | D        | Noticed a death yak
  1088 | D        | Killed a black mamba
  1088 | D        | Reached XP level 10. HP: 70/72 MP: 10/10
  1093 | D        | Noticed a giant frog
  1096 | D        | Killed a hippogriff
  1101 | D        | Noticed a black mamba
  1101 | D        | Killed an iguana
  1107 | D        | Received a gift from Trog
  1120 | D        | Killed a death yak
  1121 | D        | Killed a water moccasin
  1125 | D        | Killed a yak
  1131 | D        | Killed a giant frog
  1139 | D        | Killed a black mamba
  1340 | D        | Noticed a hippogriff
  1340 | D        | Noticed a water moccasin
  1340 | D        | Noticed a fire drake
  1340 | D        | Noticed a spiny frog
  1340 | D        | Noticed a wyvern
  1347 | D        | Noticed a giant frog
  1357 | D        | Killed a wyvern
  1357 | D        | Reached skill level 16 in Maces & Flails
  1362 | D        | Killed a spiny frog
  1362 | D        | Received a gift from Trog
  1363 | D        | Noticed a giant frog
  1368 | D        | Killed a fire drake
  1373 | D        | Noticed a black mamba
  1376 | D        | Killed a water moccasin
  1380 | D        | Killed a hippogriff
  1382 | D        | Killed a giant frog
  1387 | D        | Killed a giant frog
  1387 | D        | Received a gift from Trog
  1393 | D        | Killed a black mamba
  1425 | D        | Noticed a black bear
  1425 | D        | Noticed a black bear
  1425 | D        | Noticed a polar bear
  1425 | D        | Noticed a black bear
  1425 | D        | Noticed a black bear
  1425 | D        | Noticed a polar bear
  1427 | D        | Noticed a black bear
  1430 | D        | Killed a polar bear
  1435 | D        | Killed a black bear
  1441 | D        | Killed a polar bear
  1441 | D        | Reached skill level 5 in Crossbows
  1441 | D        | Reached XP level 11. HP: 55/80 MP: 11/11
  1443 | D        | Killed a black bear
  1446 | D        | Killed a black bear
  1453 | D        | Killed a black bear
  1460 | D        | Noticed a black bear
  1460 | D        | Killed a black bear
  1460 | D        | Received a gift from Trog
  1466 | D        | Killed a black bear
  1528 | D        | Noticed a wraith
  1529 | D        | Noticed a wraith
  1531 | D        | Noticed Josephine
  1533 | D        | Noticed a wraith
  1537 | D        | Noticed a wraith
  1539 | D        | Killed a wraith
  1547 | D        | Killed Josephine
  1547 | D        | Reached skill level 15 in Fighting
  1547 | D        | Reached skill level 5 in Dodging
  1551 | D        | Killed a wraith
  1555 | D        | Killed a wraith
  1558 | D        | Killed a wraith
  1626 | D        | Noticed an orc wizard
  1626 | D        | Noticed an orc warrior
  1626 | D        | Noticed an orc priest
  1626 | D        | Noticed an orc priest
  1634 | D        | Killed an orc warrior
  1635 | D        | Killed an orc priest
  1635 | D        | Received a gift from Trog
  1636 | D        | Noticed an orc wizard
  1637 | D        | Killed an orc priest
  1638 | D        | Noticed an orc wizard
  1640 | D        | Killed an orc wizard
  1643 | D        | Killed an orc wizard
  1644 | D        | Noticed an orc wizard
  1646 | D        | Killed an orc wizard
  1649 | D        | Killed an orc wizard
  1649 | D        | Received a gift from Trog
  1764 | D        | Noticed an orc warrior
  1764 | D        | Noticed an orc high priest
  1764 | D        | Noticed an orc knight
  1764 | D        | Noticed an orc warrior
  1764 | D        | Noticed an orc warrior
  1764 | D        | Noticed an orc sorcerer
  1771 | D        | Killed an orc sorcerer
  1772 | D        | Killed an orc warrior
  1773 | D        | Noticed an orc warrior
  1780 | D        | Killed an orc knight
  1781 | D        | Killed an orc warrior
  1782 | D        | Noticed an orc warrior
  1786 | D        | Noticed an orc knight
  1793 | D        | Killed an orc high priest
  1793 | D        | Received a gift from Trog
  1795 | D        | Noticed an orc warrior
  1797 | D        | Noticed an orc warrior
  1797 | D        | Killed an orc warrior
  1798 | D        | Killed an orc warrior
  1801 | D        | Noticed an orc knight
  1801 | D        | Demolished by an orc warrior

Vault maps used:
D:        linesprint

Action                   |  1- 3 |  4- 6 |  7- 9 | 10-12 || total
-------------------------+-------+-------+-------+-------++-------
Melee: Mace              |    24 |    22 |     9 |       ||    55
       Morningstar       |       |       |    36 |    98 ||   134
       Great mace        |       |       |       |   108 ||   108
Invok: Berserk           |     1 |     1 |     1 |     1 ||     4
       Trog's Hand       |       |     1 |     1 |     5 ||     7
Evoke: Wand              |       |       |     2 |       ||     2
  Eat: Chunk             |       |       |     3 |     3 ||     6
       Meat ration       |       |       |       |     1 ||     1
